 Dungeon Crawl Stone Soup version 0.29-a0-553-g81b289dbe5 (webtiles) character file.

Game seed: 17015980991309705729

7455 xian the Carver (level 10, -6/86 HPs)
             Began as a Pale Draconian Brigand on June 6, 2022.
             Was a Believer of Wu Jian.
             Mangled by a goliath frog (shapeshifter) (12 damage)
             ... on level 9 of the Dungeon.
             The game lasted 00:37:13 (9444 turns).

xian the Carver (Pale Draconian Brigand)            Turns: 9444, Time: 00:37:14

Health: -6/86      AC:  9    Str: 17    XL:     10   Next: 94%
Magic:  10/10      EV: 15    Int: 11    God:    Wu Jian [**....]
Gold:   444        SH:  0    Dex: 14    Spells: 9/9 levels left

rFire   . . .      SeeInvis +   q - +1 long sword of Ash {vorpal, Fly rElec Will++ SInv}
rCold   . . .      Faith    .   (no shield)
rNeg    . . .      Spirit   .   (body armour unavailable)
rPois   .          Reflect  .   (helmet restricted)
rElec   +          Harm     .   b - +0 cloak
rCorr   .          Rampage  .   B - +0 pair of gloves
Will    ++...                   (no boots)
Stlth   +++.......              (no amulet)
HPRegen 0.24/turn               f - +4 ring of protection
MPRegen 0.12/turn               v - ring of see invisible

@: short of breath, corroded, flying
A: breathe steam, AC +7, unfitting armour, cold-blooded, steam resistance
a: Breathe Steam, Renounce Religion, Wall Jump


You were on level 9 of the Dungeon.
You worshipped Wu Jian.
Wu Jian was pleased with you.
You visited 2 branches of the dungeon, and saw 10 of its levels.

You collected 444 gold pieces.

Inventory:

Hand Weapons
 a - a +2 dagger of draining
 q - the +1 long sword of Ash (weapon) {vorpal, Fly rElec Will++ SInv}
   (You found it on level 3 of the Dungeon)

   It inflicts extra damage upon your enemies.
   rElec:     It insulates you from electricity.
   SInv:      It lets you see invisible.
   Fly:       It grants you flight.
   Will:      It greatly increases your willpower.
Missiles
 c - 20 poisoned darts (quivered)
 d - 3 curare-tipped darts
 n - 2 silver javelins
 x - 3 javelins
Armour
 b - a +0 cloak (worn)
 s - a scarf of invisibility
 B - a +0 pair of gloves (worn)
 H - the +2 robe of the Oily Dropbear {SInv}
   (You found it on level 7 of the Dungeon)

   SInv:      It lets you see invisible.
Jewellery
 f - a +4 ring of protection (left hand)
 t - a ring of protection from cold
 v - a ring of see invisible (right hand)
 y - a ring of positive energy
 z - a ring of resist corrosion
 A - a +4 ring of evasion
 D - an amulet of faith
Wands
 G - a wand of iceblast (3)
 I - a wand of paralysis (9)
Scrolls
 k - a scroll of magic mapping
 m - 3 scrolls of blinking
 p - 2 scrolls of teleportation
 r - a scroll of fog
 w - a scroll of fear
Potions
 e - a potion of cancellation {unknown}
 g - 2 potions of degeneration
 h - 3 potions of flight
 i - 5 potions of mutation
 j - 4 potions of curing
 l - 2 potions of lignification
 o - a potion of heal wounds
 u - 3 potions of brilliance
 C - a potion of haste
 E - a potion of resistance {unknown}
 F - a potion of might {unknown}


   Skills:
 + Level 7.4 Fighting
 + Level 2.8(7.9) Short Blades
 + Level 11.5(11.7) Long Blades
 + Level 4.7 Throwing
 + Level 7.0 Dodging
 + Level 6.0 Stealth


You had 9 spell levels left.
You didn't know any spells.
Your spell library contained the following spells:

 Spells                   Type           Power      Damage    Failure   Level
 Apportation              Tloc           0%         N/A       34%         1
 Necrotize                Necr           0%         1d4       34%         1
 Shock                    Conj/Air       0%         1d3       34%         1
 Sting                    Tmut/Pois      0%         1d3       34%         1
 Summon Small Mammal      Summ           0%         N/A       34%         1
 Swiftness                Air            0%         N/A       71%         3
 Airstrike                Air            0%         N/A       98%         4


Dungeon Overview and Level Annotations

Branches:
Dungeon (9/15)             Temple (1/1) D:5
   Lair: D:8-11         Orc: D:9-12

Altars:
Cheibriados
Dithmenos
Elyvilon
Fedhas
Gozag
Kikubaaqudgha
Makhleb
Qazlal
Ru
Sif Muna
Trog
Wu Jian
Xom
Yredelemnul
Zin
The Shining One

Shops:
D:8 =

Portals:
Abyss: D:9

Annotations:
D:8 Legendary Accessories
D:9 1 transporter, dolemite99's ghost, novice HOFi


Innate Abilities, Weirdness & Mutations

You can breathe blasts of scalding, opaque steam.
Your pale cyan-grey scales are hard. (AC +7)
You cannot fit into any form of body armour.
You are cold-blooded and may be slowed by cold attacks.
You are immune to the effects of steam.


Message History

The poisoned dart hits the skeletal warrior.
The skeletal warrior is almost destroyed.
You hit the skeletal warrior.
The skeletal warrior is almost destroyed.
You have got your breath back.
Aiming: Breathe Steam (1% risk of failure)
Press: ? - help, Shift-Dir - straight line, f/p - skeletal warrior
Aim: a skeletal warrior, wielding a +2 battleaxe of distortion (almost destroyed, 74% to hit)
You exhale a blast of scalding steam.
The ball of steam hits the skeletal warrior!
You destroy the skeletal warrior!
The Council accepts your kill.
Your Dodging skill increases to level 7!
You start resting.
You have got your breath back.
You see here a +2 battleaxe of distortion.
You start resting.
Your extra speed is starting to run out.
A goliath frog comes into view.
You see here a wand of acid (7).
You see here a +2 battleaxe of distortion.
Aiming: Breathe Steam (1% risk of failure)
Press: ? - help, Shift-Dir - straight line, f - goliath frog
Aim: a goliath frog (54% to hit)
You exhale a blast of scalding steam.
The ball of steam misses the goliath frog.
You feel yourself slow down.
Unknown command.
You lunge at the goliath frog.
You slash the goliath frog!
The goliath frog is moderately wounded.
The goliath frog is engulfed in a cloud of scalding steam.
The goliath frog barely misses you.
The goliath frog is engulfed in a cloud of scalding steam.
The goliath frog hits you.
* * * LOW HITPOINT WARNING * * *
The acid corrodes you!
You are splashed with acid!
* * * LOW HITPOINT WARNING * * *
The goliath frog is engulfed in a cloud of scalding steam.
The goliath frog hits you from afar!
You die...

#...#.##..## ####.....#
#.... #...#9x#..#.
.©.##....# #####
#..##.##..##
##∩..#....# ...# W# ..#
###.# ..### ...# # ..
#..# #
...##...###.##§(## .#
....###WC.###(##.##..#
#[...©#).#.=.#(..©#©.#
#....##.^#.####)@##...#
#...## ...?..#.## ..#
#..## #.####..#F# .#
...# .. ##..§## # ...#
. ###/.# #... ####
#.... ... ...... .....
.....## .......


You could see a goliath frog.

Vanquished Creatures
  A tengu warrior (D:7)
  A skeletal warrior (D:9)
  A manticore (D:8)
  A troll (D:7)
  Sigmund (D:4)
  11 yaks
  4 steam dragons
  2 water moccasins
  4 orc warriors
  A black bear (D:5)
  2 ice beasts
  A sky beast (D:6)
  An ogre (D:6)
  2 centaurs
  3 phantoms
  A kobold brigand (D:7)
  Blork the orc (D:4)
  4 bullfrogs
  2 gnoll sergeants (D:8)
  4 necrophages
  3 scorpions
  7 killer bees (D:9)
  A howler monkey (D:6)
  A gnoll shaman (D:5)
  2 hounds
  2 jellies
  6 orc priests
  An iguana (D:6)
  8 orc wizards
  11 gnolls
  10 adders
  3 white imps
  4 ufetubi
  4 worms
  3 dart slugs
  32 orcs
  2 bat zombies (D:8)
  9 endoplasms
  5 giant cockroaches
  7 goblins
  8 hobgoblins
  3 jackals (D:3)
  16 kobolds
  5 quokkas
  7 ball pythons
  5 bats
  3 frilled lizards
  5 rats
221 creatures vanquished.

Vanquished Creatures (collateral kills)
  An endoplasm (D:1)
1 creature vanquished.

Vanquished Creatures (others)
  A killer bee (D:9)
  An adder (D:6)
2 creatures vanquished.

Grand Total: 224 creatures vanquished

Notes
Turn   | Place    | Note
-------+----------+-------------------------------------------
     0 | D:1      | xian the Draconian Brigand began the quest for the Orb.
     0 | D:1      | Reached XP level 1. HP: 17/17 MP: 1/1
   159 | D:1      | Reached XP level 2. HP: 19/24 MP: 2/2
   592 | D:1      | Reached XP level 3. HP: 25/29 MP: 3/3
   754 | D:1      | Reached skill level 1 in Dodging
   755 | D:1      | Found a faded altar of an unknown god.
   769 | D:1      | Got Plato's Grimoire of Poisoning
  1351 | D:2      | Upgraded the game from 0.29-a0-551-gffc1d7fb78 to
                  | 0.29-a0-553-g81b289dbe5
  1930 | D:3      | Identified the +1 long sword of Ash {vorpal, Fly rElec
                  | Will++ SInv}
  2002 | D:3      | Reached XP level 4. HP: 37/37 MP: 4/4
  2610 | D:4      | Noticed Blork the orc
  2620 | D:4      | Reached skill level 1 in Long Blades
  2620 | D:4      | Reached XP level 5. HP: 39/42 MP: 5/5
  2620 | D:4      | Killed Blork the orc
  2753 | D:4      | Reached skill level 2 in Long Blades
  2753 | D:4      | Reached XP level 6. HP: 51/51 MP: 6/6
  2821 | D:4      | Noticed Sigmund
  2834 | D:4      | Killed Sigmund
  2835 | D:4      | Reached skill level 3 in Long Blades
  2835 | D:4      | Reached skill level 5 in Stealth
  3125 | D:4      | Your scales start taking on a pale cyan-grey colour.
  3125 | D:4      | Reached XP level 7. HP: 56/57 MP: 7/7
  3125 | D:4      | Gained mutation: You are immune to the effects of steam.
                  | [Pale Draconian growth]
  3207 | D:4      | Found a glowing golden altar of the Shining One.
  3627 | D:5      | Entered Level 5 of the Dungeon
  3757 | D:5      | Reached skill level 4 in Long Blades
  3768 | D:5      | Found a staircase to the Ecumenical Temple.
  3935 | D:5      | Reached XP level 8. HP: 50/66 MP: 8/8
  3955 | Temple   | Entered the Ecumenical Temple
  4224 | Temple   | Became a worshipper of the Wu Jian Council
  5084 | D:6      | Reached skill level 5 in Long Blades
  5444 | D:6      | Found a shadowy altar of Dithmenos.
  5468 | D:6      | Reached skill level 6 in Long Blades
  5628 | D:6      | Reached * piety under Wu Jian
  5656 | D:6      | Reached skill level 5 in Dodging
  5660 | D:6      | Reached XP level 9. HP: 72/72 MP: 9/9
  5698 | D:6      | Reached skill level 7 in Long Blades
  5950 | D:6      | Reached skill level 5 in Fighting
  6667 | D:7      | Reached skill level 8 in Long Blades
  6718 | D:7      | Noticed a troll
  6730 | D:7      | Killed a troll
  6850 | D:7      | Noticed a tengu warrior
  6859 | D:7      | Killed a tengu warrior
  6860 | D:7      | Reached skill level 9 in Long Blades
  7348 | D:7      | Identified the +2 robe of the Oily Dropbear {SInv}
  7367 | D:7      | Reached XP level 10. HP: 83/83 MP: 10/10
  7672 | D:8      | Found Hocirch's Jewellery Shoppe.
  7712 | D:8      | Reached ** piety under Wu Jian
  7934 | D:8      | Identified the +0 leather armour of the Albatross {+Blink
                  | rN+++ Str-2 Dex+4}
  7953 | D:8      | Reached skill level 10 in Long Blades
  8226 | D:8      | Noticed a manticore
  8274 | D:8      | Killed a manticore
  8459 | D:8      | Found an opulent altar of Gozag.
  8614 | D:8      | Found an ancient bone altar of Kikubaaqudgha.
  9066 | D:9      | Found a transporter.
  9068 | D:9      | Found a one-way gate to the infinite horrors of the Abyss.
  9068 | D:9      | Noticed dolemite99's ghost (novice HOFi)
  9073 | D:9      | Noticed a skeletal warrior
  9160 | D:9      | Reached skill level 11 in Long Blades
  9314 | D:9      | Noticed a toenail golem
  9315 | D:9      | Noticed a toenail golem
  9349 | D:9      | Found a transporter.
  9356 | D:9      | Noticed an anaconda
  9394 | D:9      | Noticed an ettin
  9405 | D:9      | Killed a skeletal warrior
  9436 | D:9      | Noticed a goliath frog
  9444 | D:9      | Mangled by a goliath frog (shapeshifter)

Illustrated notes

Levels and vault maps discovered:
D:1:      dpeg_arrival_renting, layout_basic,
          shapermc_ecumenical_altar_rom_forum
D:2:      layout_basic
D:3:      layout_basic, chequers_serial_rivers_small_3, minmay_pentomino_pile
D:4:      layout_basic, tso_metal_star, st_stairs_11, minivault_24,
          uniq_sigmund, uniq_blork_the_orc
D:5:      layout_basic, minmay_temple_entry_drinking_statues
D:6:      minmay_clustersquares, layout_loops_cross,
          nicolae_dithmenos_the_darkroom, minmay_misc_feat_room
D:7:      layout_basic, minmay_three_doors
D:8:      layout_rooms, lemuel_zombie_altar_kikubaaqudgha,
          grunt_gozag_breadcrumbs, serial_shops, shop
D:9:      layout_roguey, gammafunk_ghost_abyssal_escape
Temple:   minmay_temple_bridge_abc

Skill      XL: |  1  2  3  4  5  6  7  8  9 10 |
---------------+-------------------------------+-----
Stealth        | 4 5 6 |  6.0
Dodging        | 1 2 4 5 6 7 |  7.0
Throwing       | 2 3 4 |  4.7
Long Blades    | 1 2 3 4 6 9 11 | 11.5
Fighting       | 3 4 6 7 |  7.4
Short Blades   | |  2.8

Action                   |  1- 3 |  4- 6 |  7- 9 | 10-12 || total
-------------------------+-------+-------+-------+-------++-------
Melee: Dagger            |   138 |       |       |       ||   138
       Tailslap          |    12 |     5 |    31 |    22 ||    70
       Long sword        |     8 |    69 |   241 |   128 ||   446
       Punch             |       |       |     3 |       ||     3
Throw: Javelin           |       |    28 |     8 |       ||    36
       Dart              |       |    19 |    19 |     6 ||    44
Invok: Lunge             |       |       |    14 |    12 ||    26
       Whirlwind         |       |       |     5 |     7 ||    12
 Abil: Breathe Steam     |       |       |    19 |    21 ||    40
       Wall Jump         |       |       |       |     1 ||     1
  Use: Scroll            |     8 |     1 |     5 |     4 ||    18
       Potion            |       |       |       |     2 ||     2
 Stab: Sleeping          |     8 |     2 |     4 |       ||    14
       Distracted        |     1 |       |     1 |       ||     2
Armor: Skin              |    66 |    57 |   107 |    37 ||   267
Dodge: Dodged            |   112 |    80 |   208 |    76 ||   476

Table legend: (Time is in decaauts)
 A = Elapsed time spent in this place.
 B = Non-inter-level travel time spent in this place.
 C = Inter-level travel time spent in this place.
 D = Time resting spent in this place.
 E = Time spent auto-exploring this place.
 F = Levels seen in this place.
 G = Mean time per level.
                   A        B        C        D        E       F      G
               +--------+--------+--------+--------+--------+-----+--------+
         Total |   9442 |   9244 |    198 |   1098 |   5142 |  10 |  944.2 |
       Dungeon |   9144 |   8946 |    198 |   1098 |   4961 |   9 | 1016.0 |
        Temple |    298 |    298 |      0 |      0 |    181 |   1 |  298.0 |
               +--------+--------+--------+--------+--------+-----+--------+

Top non-repeatable levels by time:
     D:6: 1459 daAuts
     D:8: 1295 daAuts
     D:5: 1161 daAuts
     D:7: 1121 daAuts
     D:4: 1105 daAuts
     D:2: 953 daAuts
     D:1: 951 daAuts
     D:3: 629 daAuts
     D:9: 466 daAuts
  Temple: 298 daAuts
